 Dungeon Crawl Stone Soup version 0.24-a0-479-g9a978d2894 (webtiles) character file.

Game seed: 6618104878306187731

77 Azzok the Magician (level 4, -16/24 HPs)
             Began as a Deep Elf Fire Elementalist on July 6, 2019.
             Demolished by an ogre
             ... wielding a +0 giant club
              (27 damage)
             ... on level 4 of the Dungeon.
             The game lasted 00:02:40 (2671 turns).

Azzok the Magician (Deep Elf Fire Elementalist)     Turns: 2671, Time: 00:02:41

Health: -16/24     AC:  3    Str:  5    XL:     4   Next: 13%
Magic:  3/12       EV: 13    Int: 21    God:
Gold:   125        SH:  0    Dex: 15    Spells: 3/11 levels left

rFire    . . .     SeeInvis .   (no weapon)
rCold    . . .     Gourm    .   (no shield)
rNeg     . . .     Faith    .   a - +0 robe
rPois    .         Spirit   .   j - +0 helmet
rElec    .         Reflect  .   n - scarf {repulsion}
rCorr    .         Harm     .   (no gloves)
MR       .....                  (no boots)
Stlth    ++........             (no amulet)
HPRegen  0.08/turn              (no ring)
MPRegen  0.13/turn              (no ring)

@: repel missiles
A: no striking features
a: no special abilities


You were on level 4 of the Dungeon.
You were not hungry.

You visited 1 branch of the dungeon, and saw 4 of its levels.

You collected 125 gold pieces.

Inventory:

Armour
 a - a +0 robe (worn)
 j - a +0 helmet (worn)
 n - a scarf of repulsion (worn)
Scrolls
 d - a scroll of immolation {unknown}
 e - 2 scrolls of remove curse {unknown}
 f - 4 scrolls of identify {unknown}
 h - a scroll of fear {unknown}
 i - a scroll of fog {unknown}
 p - a scroll of enchant weapon {unknown}
Potions
 b - a potion of ambrosia {unknown}
 g - 2 potions of heal wounds {unknown}
 k - a potion of curing {unknown}
 l - a potion of mutation {unknown}
 m - 2 potions of agility {unknown}
 o - a potion of flight {unknown}
Comestibles
 c - 6 rations


   Skills:
 - Level 2.4 Dodging
 - Level 2.4 Stealth
 + Level 4.2 Spellcasting
 + Level 2.6 Conjurations
 + Level 4.1 Fire Magic


You had 3 spell levels left.
You knew the following spells:

 Your Spells              Type           Power        Failure   Level  Hunger
a - Flame Tongue          Conj/Fire      ###..        3%          1    None
b - Conjure Flame         Conj/Fire      ###.....     9%          3    ###....
c - Sticky Flame          Conj/Fire      ###.....     28%         4    ####...

Your spell library contained the following spells:

 Spells                   Type           Power        Failure   Level  Hunger
 Throw Flame              Conj/Fire      ###...       4%          2    #......
 Inner Flame              Hex/Fire       ##......     16%         3    ###....
 Fireball                 Conj/Fire      ###.......   63%         5    ######.


Dungeon Overview and Level Annotations

Branches:
Dungeon (3/15)

Altars:
Elyvilon
Fedhas
Hepliaklqana

Annotations:
D:3 Sigmund


Message History

The flame tongue hits the ogre.
The ogre is heavily wounded.
The orc shouts!
You see here a cursed +0 dagger.
A bullfrog skeleton comes into view.
Things that are here:
an orc corpse; an adder corpse A hound comes into view.
Things that are here:
a +0 club; an orc corpse
Casting: Flame Tongue (safe; 3% risk of failure)
Confirm with . or Enter, or press ? or * to list all spells.
Aiming: Flame Tongue (safe; 3% risk of failure)
Press: ? - help, Shift-Dir - straight line, f/p - ogre
Aim: an ogre, wielding a +0 giant club (heavily wounded)
The flame tongue hits the ogre!
The ogre is almost dead.
The ogre hits you with a +0 giant club!!
Ouch! That really hurt!
You die...

▒▒▒········
h········· ▒·······▒
▒·······▒ ▒·······▒▒▒
▒) ▒·)········ ▒▒
▒▒·▒▒▒ ▒▒†········
▒·▒▒··▒·▒▒▒▒))·······
·o·······@Oo·········
········▒▒▒▒▒········
o··················[·
················Z·(··
········▒▒▒▒▒·····▒▒▒
········▒ ▒·····▒
O·······▒ ▒·····▒
········▒ ▒▒·▒····
········▒ ·▒····


You could see an ogre and an orc.

Vanquished Creatures
  A gnoll (D:1)
  2 adders
  An ooze (D:1)
  2 dart slugs (D:1)
  A leopard gecko (D:1)
  4 orcs (D:4)
  3 goblins (D:1)
  4 hobgoblins
  2 jackals (D:1)
  4 kobolds
  5 bats
  2 frilled lizards
  A leopard gecko skeleton (D:2)
  7 rats
39 creatures vanquished.

Notes
Turn   | Place    | Note
-------+----------+-------------------------------------------
     0 | D:1      | Azzok the Deep Elf Fire Elementalist began the quest for
                  | the Orb.
     0 | D:1      | Reached XP level 1. HP: 10/10 MP: 6/6
    27 | D:1      | Reached XP level 2. HP: 4/15 MP: 1/8
   668 | D:1      | Reached XP level 3. HP: 16/19 MP: 5/10
   673 | D:1      | Learned a level 3 spell: Conjure Flame
  1655 | D:2      | Found a white marble altar of Elyvilon.
  1745 | D:2      | Found a blossoming altar of Fedhas.
  2072 | D:3      | Found a hazy altar of Hepliaklqana.
  2382 | D:3      | Noticed Sigmund
  2636 | D:3      | You fall into a shaft and drop 1 floor!
  2637 | D:4      | Noticed an ogre
  2651 | D:4      | Reached XP level 4. HP: 9/24 MP: 7/12
  2662 | D:4      | Learned a level 4 spell: Sticky Flame
  2671 | D:4      | Demolished by an ogre

Levels and vault maps discovered:
D:1:      dpeg_arrival_boxorama, layout_loops_ring
D:2:      layout_loops_cross, elyvilon_altar_4, old_standard_altar,
          chequers_hall_statues_wall_a
D:3:      layout_basic, lemuel_doored_altar, roderic_serpentine_path,
          uniq_sigmund
D:4:      layout_rooms, nicolae_overflow_crystal_walls, first_ration

Skill      XL: |  1  2  3 |
---------------+----------+-----
Conjurations   | 2 |  2.6
Spellcasting   | 4 |  4.2
Fire Magic     | 4 |  4.1
Dodging        | |  2.4
Stealth        | |  2.4

Action                   |  1- 3 |  4- 6 || total
-------------------------+-------+-------++-------
Melee: Unarmed           |     1 |       ||     1
 Cast: Flame Tongue      |    68 |     8 ||    76
  Eat: Chunk             |     4 |       ||     4
       Ration            |     1 |       ||     1
Armor: Robe              |     2 |       ||     2
Dodge: Dodged            |    17 |       ||    17
       Deflected         |     1 |       ||     1

Table legend:
 A = Non-vault XP
 B = Vault XP
 C = Vault XP percentage of total XP
 D = Non-vault monster count
 E = Vault monster count
 F = Vault count percentage of total count
                 A         B        C        D         E       F
            +---------+---------+-------+---------+---------+-------
      Total |     110 |       0 |   0.0 |      39 |       0 |   0.0
            +---------+---------+-------+---------+---------+-------
        D:1 |      55 |       0 |   0.0 |      21 |       0 |   0.0
        D:2 |      25 |       0 |   0.0 |      10 |       0 |   0.0
        D:3 |       4 |       0 |   0.0 |       3 |       0 |   0.0
        D:4 |      26 |       0 |   0.0 |       5 |       0 |   0.0
            +---------+---------+-------+---------+---------+-------
